 Dungeon Sprint DCSS version 0.24.0-13-gcf9b319 (webtiles) character file.

Game seed: 15965833269152150683, levelgen mode: deterministic

26882 Fang the Warrior (level 13, 0/96 HPs)
             Began as a Gargoyle Berserker on Dec 9, 2019.
             Was the Champion of Trog.
             Killed from afar by an efreet (13 damage)
             ... with a bolt of fire
             ... in the Dungeon (Sprint V: "Ziggurat Sprint").
             The game lasted 00:04:33 (1516 turns).

Fang the Warrior (Gargoyle Berserker)               Turns: 1516, Time: 00:04:34

Health: 0/96       AC: 45    Str: 30    XL:     13   Next: 28%
Magic:  13/13      EV:  9    Int: 11    God:    Trog [******]
Gold:   0          SH: 37    Dex:  9    Spells: 12/12 levels left

rFire    . . .     SeeInvis +   z - +5 war axe of the Sea {flame, *Corrode MR+ Str+3}
rCold    + . .     Gourm    .   E - +18 shield of the Gong {rElec rN+ MR+ EV-5}
rNeg     + + +     Faith    .   b - +15 Maxwell's patent armour {-Cast -Tele rElec MR+ rCorr}
rPois    ∞         Spirit   .   B - +1 helmet {SInv}
rElec    +         Reflect  +   (no cloak)
rCorr    +         Harm     .   (no gloves)
MR       +++++     NoTele   +   (no boots) Stlth ..........NoCast +
                                F - amulet of the Secret Songs {Reflect rC+ Int+4 SH+5}
HPRegen  1.26/turn              A - ring of Osaug {rN+ Stlth+}
MPRegen  0.13/turn              g - +1 ring of slaying

@: berserk cooldown, regenerating, slowed, studying Long Blades, very slow
A: negative energy resistance 1, electricity resistance, unbreathing,
petrification resistance, rot immunity, AC +9
a: Berserk, Trog's Hand, Brothers in Arms, Renounce Religion


You were in the Dungeon.
You worshipped Trog.
Trog was exalted by your worship.
You were not hungry.

You visited 1 branch

Inventory:

Hand Weapons
 a - a +5 broad axe
 z - the +5 war axe of the Sea (weapon) {flame, *Corrode MR+ Str+3}
   (Trog gifted it to you in the Dungeon)

   It has been specially enchanted to burn those struck by it, causing extra
   injury to most foes and up to half again as much damage against particularly
   susceptible opponents.
   Big, fiery blades are also staple armaments of hydra-hunters.
   It affects your strength (+3).
   It affects your resistance to hostile enchantments.
   It may corrode you when you take damage.
Armour
 b - the +15 Maxwell's patent armour (worn) {-Cast -Tele rElec MR+ rCorr}
   (You found it in the Dungeon)

   It insulates you from electricity.
   It affects your resistance to hostile enchantments.
   It prevents spellcasting.
   It prevents most forms of teleportation.
   It provides partial protection from all sources of acid and corrosion.
 B - a +1 helmet of see invisible (worn)
 D - the -2 hat of the Alchemist {rElec rPois rF+ rC+ rN+ MR+ rMut rCorr}
   (You found it in the Dungeon)

   It protects you from fire.
   It protects you from cold.
   It insulates you from electricity.
   It protects you from poison.
   It protects you from negative energy.
   It affects your resistance to hostile enchantments.
   It provides partial protection from all sources of acid and corrosion.
   It protects you from mutation.
 E - the +18 shield of the Gong (worn) {rElec rN+ MR+ EV-5}
   (You found it in the Dungeon)

   It affects your evasion (-5).
   It insulates you from electricity.
   It protects you from negative energy.
   It affects your resistance to hostile enchantments.
Jewellery
 g - a +1 ring of slaying (right hand)
 x - the amulet "Wufau" {Spirit rN+ Str+2}
   (You found it in the Dungeon)

   [amulet of guardian spirit]

   It causes incoming damage to be split between your health and magic.
   It affects your strength (+2).
   It protects you from negative energy.
 A - the ring of Osaug (left hand) {rN+ Stlth+}
   (You found it in the Dungeon)

   [ring of stealth]

   It protects you from negative energy.
   It makes you more stealthy.
 C - a +4 ring of evasion
 F - the amulet of the Secret Songs (around neck) {Reflect rC+ Int+4 SH+5}
   (You found it in the Dungeon)

   [amulet of reflection]

   It shields you and reflects attacks.
   It affects your intelligence (+4).
   It protects you from cold.
   It affects your SH (+5).
Wands
 u - a wand of disintegration (7)
 v - a wand of iceblast (7)
 w - a wand of acid (7)
Scrolls
 i - 4 scrolls of blinking
 j - 7 scrolls of fog
 k - a scroll of holy word
 l - 5 scrolls of identify
 m - 5 scrolls of remove curse
 n - 2 scrolls of fear
Potions
 d - 10 potions of curing
 e - 17 potions of heal wounds
 f - 10 potions of haste
 h - 3 potions of berserk rage
 p - 2 potions of invisibility
 q - 4 potions of resistance
 r - a potion of experience
 s - 5 potions of agility
 t - 5 potions of might
Books
 y - a manual of Long Blades
Comestibles
 c - 5 rations


   Skills:
 + Level 17.0 Fighting
 + Level 14.6 Axes
 + Level 16.9 Armour
 + Level 13.5 Dodging
 + Level 14.6 Shields


You had 12 spell levels left.
You didn't know any spells.
Your spell library was empty.

Dungeon Overview and Level Annotations

Branches:
Dungeon (1/1)

Altars:
Ashenzari
Cheibriados
Dithmenos
Elyvilon
Fedhas
Gozag
Hepliaklqana
Kikubaaqudgha
Makhleb
Nemelex Xobeh
Okawaru
Qazlal
Ru
Sif Muna
Trog
Uskayaw
Vehumet
Wu Jian
Xom
Yredelemnul
Zin
The Shining One
Beogh
Jiyva
Lugonu


Innate Abilities, Weirdness & Mutations

You are resistant to torment.
Your stone body is resilient. (AC +9)
You are immune to poison.
You resist negative energy. (rN+)
You are resistant to electric shocks. (rElec)
You can survive without breathing.
You are immune to petrification.
You are immune to rotting.


Message History

The fire dragon barely misses you. The fire elemental barely misses you.
You block the efreet's attack.
GONNNNG!
You feel much better. The efreet hits you but does no damage.
The fire dragon bites you but does no damage.
You block the fire dragon's attack.
BOUMMMMG!
The fire dragon tramples you but does no damage.
The fire elemental hits you. The fire elemental burns you!
* * * LOW HITPOINT WARNING * * *
You block the fire dragon's attack.
BOUMMMMG!
You block the fire dragon's attack.
BONNNG!
You block the fire dragon's attack.
BONNNG!
The efreet gestures at you.
The bolt of fire hits the fire elemental.
The fire elemental completely resists.
The bolt of fire hits you!
You die...

▓.|)|.▓.).
▓..?.":)[%..▓▓..)..▓...
▓...........▓▓.....▓...
▓...........▓▓.....▓..†
....v...... ▓.÷÷÷.▓...
......... ▓..©÷.▓..©
▓..R..▓ ▓▓▓▓▓▓▓▓▓▓▓
▓▓DER▓▓ ▓..8©8...▓.
▓..▓.D@R.▓..▓..}|=...▓.
▓.....©.....▓...)....▓.
▓▓▓▓▓▓▓▓▓▓▓▓▓........▓.
▓....8©8....▓........▓.
▓...}||):=..▓.▓....▓.▓.
▓....:.=)[..▓...©....▓.
▓...........▓▓▓▓▓▓▓▓▓▓▓
▓...........▓...8©8...▓
▓...........▓..}}|)...▓


You could see 2 fire dragons, 3 efreet, a fire elemental and a fire vortex.

Vanquished Creatures
  A deep elf master archer (D)
  An azure jelly (D)
  A deep elf sorcerer (D)
  An entropy weaver (D)
  2 deep elf annihilators (D)
  2 death oozes (D)
  A great orb of eyes (D)
  A deep elf high priest (D)
  A fire dragon (D)
  A vault guard (D)
  3 hell hogs (D)
  2 dancing weapons (D)
  An ogre mage (D)
  An orc high priest (D)
  4 soul eaters (D)
  A wretched star (D)
  2 deep elf archers (D)
  2 ironbrand convokers (D)
  2 deep elf magi (D)
  An eye of devastation (D)
  2 black mambas (D)
  A yaktaur (D)
  A freezing wraith (D)
  An ancient zyme (D)
  A wind drake (D)
  6 slime creatures (D)
  A raiju (D)
  A hornet (D)
  An air elemental (D)
  A large abomination (D)
  A fire elemental (D)
  8 nagas (D)
  2 insubstantial wisps (D)
  A hell hound (D)
  2 water moccasins (D)
  4 floating eyes (D)
  2 eyes of draining (D)
  A quasit (D)
  2 jellies (D)
  6 adders (D)
  2 shadow imps (D)
  A white imp (D)
  An ufetubus (D)
  An ooze (D)
  2 spectral adders (D)
  2 adder skeletons (D)
  2 spectral bats (D)
  4 jackals (D)
  6 ball pythons (D)
  A quokka skeleton (D)
  2 spectral giant cockroaches (D)
  A fire vortex (D)
101 creatures vanquished.

Vanquished Creatures (others)
  2 spatial maelstroms (D)
  3 insubstantial wisps (D)
5 creatures vanquished.

Grand Total: 106 creatures vanquished

Notes
Turn   | Place    | Note
-------+----------+-------------------------------------------
     0 | D        | Fang the Gargoyle Berserker began the quest for the Orb.
     0 | D        | Reached XP level 1. HP: 14/14 MP: 1/1
     1 | D        | Found a blossoming altar of Fedhas.
     2 | D        | Found the +6 Majin-Bo {vamp, Archmagi MP+6 Int+6}
     2 | D        | Found the +7 great mace "Firestarter" {inner flame, rF++}
     2 | D        | Banished a spatial maelstrom
     3 | D        | Found a viscous altar of Jiyva.
     3 | D        | Found a hazy altar of Hepliaklqana.
     3 | D        | Found a transporter.
     3 | D        | Found an opulent altar of Gozag.
     3 | D        | Found an ancient bone altar of Kikubaaqudgha.
     3 | D        | Found a corrupted altar of Lugonu.
     7 | D        | Banished a spatial maelstrom
    18 | D        | Found a burning altar of Makhleb.
    20 | D        | Found an iron altar of Okawaru.
    20 | D        | Found a stormy altar of Qazlal.
    20 | D        | Found a sparkling altar of Nemelex Xobeh.
    20 | D        | Found a sacrificial altar of Ru.
    20 | D        | Found a shimmering blue altar of Sif Muna.
    26 | D        | Found the +9 heavy crossbow "Sniper" {velocity, Acc+∞ SInv}
    26 | D        | Found the +10 dark maul {crush}
    26 | D        | Found the +15 Maxwell's patent armour {-Cast -Tele rElec
                  | MR+ rCorr}
    26 | D        | Found the +18 shield of the Gong {rElec rN+ MR+ EV-5}
    26 | D        | Found the cursed +14 obsidian axe {chop, +Fly SInv *Curse}
    32 | D        | Found a bloodstained altar of Trog.
    79 | D        | Entered arena 2.
    79 | D        | Noticed a water moccasin
    79 | D        | Found a transporter.
    87 | D        | Killed a water moccasin
    87 | D        | Reached skill level 5 in Fighting
    87 | D        | Reached skill level 5 in Armour
    87 | D        | Reached XP level 2. HP: 22/22 MP: 2/2
    87 | D        | Reached XP level 3. HP: 27/27 MP: 3/3
    87 | D        | Reached XP level 4. HP: 32/32 MP: 4/4
   194 | D        | Entered arena 3.
   194 | D        | Noticed a water moccasin
   194 | D        | Found a transporter.
   197 | D        | Reached ** piety under Trog
   202 | D        | Killed a water moccasin
   202 | D        | Reached skill level 7 in Fighting
   202 | D        | Reached skill level 5 in Axes
   202 | D        | Reached skill level 5 in Dodging
   202 | D        | Reached XP level 5. HP: 38/38 MP: 5/5
   208 | D        | Got the ring "Deosas" {rElec rF- MR+ Str+4 Dex+6}
   212 | D        | Entered arena 4.
   212 | D        | Found a transporter.
   213 | D        | Found the +6 arbalest "Damnation" {damnation}
   215 | D        | Reached *** piety under Trog
   236 | D        | Entered arena 5.
   236 | D        | Noticed a floating eye
   236 | D        | Noticed a slime creature
   236 | D        | Noticed an eye of draining
   236 | D        | Noticed a floating eye
   236 | D        | Found a transporter.
   237 | D        | Paralysed by a floating eye for 2 turns
   240 | D        | Killed a floating eye
   240 | D        | Reached XP level 6. HP: 44/44 MP: 1/6
   242 | D        | Killed an eye of draining
   242 | D        | Reached **** piety under Trog
   242 | D        | Reached skill level 8 in Fighting
   242 | D        | Killed a floating eye
   242 | D        | Reached XP level 7. HP: 50/50 MP: 0/7
   244 | D        | Killed a slime creature
   244 | D        | Reached skill level 9 in Fighting
   249 | D        | Got the amulet "Wufau" {Spirit rN+ Str+2}
   320 | D        | Entered arena 6.
   320 | D        | Noticed a naga
   320 | D        | Noticed a naga
   320 | D        | Found a transporter.
   326 | D        | Reached ***** piety under Trog
   331 | D        | Killed a naga
   341 | D        | Killed a naga
   341 | D        | Received a gift from Trog
   341 | D        | Reached skill level 10 in Fighting
   341 | D        | Reached XP level 8. HP: 57/57 MP: 8/8
   354 | D        | Entered arena 7.
   354 | D        | Noticed an eye of devastation
   355 | D        | Found a transporter.
   358 | D        | Reached skill level 1 in Shields
   358 | D        | Paralysed by a floating eye for 4 turns
   362 | D        | Reached skill level 10 in Armour
   369 | D        | Killed an eye of devastation
   369 | D        | Received a gift from Trog
   451 | D        | Entered arena 8.
   451 | D        | Noticed a black mamba
   452 | D        | Found a transporter.
   463 | D        | Reached skill level 11 in Fighting
   463 | D        | Reached XP level 9. HP: 54/64 MP: 5/9
   468 | D        | Killed a black mamba
   468 | D        | Reached skill level 5 in Shields
   523 | D        | Entered arena 9.
   523 | D        | Noticed a wind drake
   524 | D        | Found a transporter.
   531 | D        | Reached skill level 10 in Axes
   531 | D        | Reached ****** piety under Trog
   531 | D        | Received a gift from Trog
   537 | D        | Killed a wind drake
   627 | D        | Entered arena 10.
   627 | D        | Noticed a black mamba
   628 | D        | Found a transporter.
   634 | D        | Received a gift from Trog
   637 | D        | Killed a black mamba
   637 | D        | Reached skill level 12 in Fighting
   640 | D        | Reached XP level 10. HP: 69/71 MP: 8/10
   642 | D        | Got a bloodstained war axe {god gift}
   643 | D        | Identified the +5 war axe of the Sea {flame, *Corrode MR+
                  | Str+3} (Trog gifted it to you in the Dungeon)
   653 | D        | Got the ring of Osaug {rN+ Stlth+}
   660 | D        | Entered arena 11.
   660 | D        | Noticed an entropy weaver
   660 | D        | Noticed an ironbrand convoker
   660 | D        | Noticed an ironbrand convoker
   660 | D        | Noticed a deep elf archer
   660 | D        | Noticed an ogre mage
   660 | D        | Noticed a vault guard
   661 | D        | Found a transporter.
   668 | D        | Killed an entropy weaver
   672 | D        | Reached skill level 10 in Dodging
   672 | D        | Received a gift from Trog
   673 | D        | Killed an ironbrand convoker
   673 | D        | Reached skill level 13 in Fighting
   675 | D        | Killed an ironbrand convoker
   680 | D        | Killed a vault guard
   680 | D        | Reached XP level 11. HP: 33/78 MP: 4/11
   685 | D        | Killed an ogre mage
   685 | D        | Reached skill level 10 in Shields
   693 | D        | Killed a deep elf archer
   693 | D        | Received a gift from Trog
   713 | D        | Got the amulet of Hungim {Faith rC- rN+ Int+3}
  1017 | D        | Entered arena 12.
  1018 | D        | Noticed a wretched star
  1028 | D        | Received a gift from Trog
  1031 | D        | Killed a wretched star
  1031 | D        | Reached skill level 14 in Fighting
  1066 | D        | Found a transporter.
  1123 | D        | Entered arena 13.
  1123 | D        | Noticed a deep elf mage
  1123 | D        | Noticed a deep elf high priest
  1123 | D        | Noticed a deep elf annihilator
  1123 | D        | Noticed a deep elf mage
  1123 | D        | Noticed a +4 hand axe of venom
  1123 | D        | Noticed a +0 war axe of electrocution
  1123 | D        | Noticed a deep elf archer
  1124 | D        | Identified the +8 flail "Cookie Cutter" {venom, +Rage +Inv}
  1124 | D        | Noticed a deep elf annihilator
  1124 | D        | Noticed a deep elf master archer
  1125 | D        | Noticed an orc high priest
  1125 | D        | Noticed a deep elf sorcerer
  1129 | D        | Killed a +4 hand axe of venom
  1130 | D        | Killed a deep elf mage
  1137 | D        | Killed a +0 war axe of electrocution
  1137 | D        | Received a gift from Trog
  1139 | D        | Killed a deep elf sorcerer
  1140 | D        | Killed a deep elf mage
  1141 | D        | Killed a deep elf annihilator
  1144 | D        | Killed an orc high priest
  1144 | D        | Received a gift from Trog
  1144 | D        | Reached skill level 15 in Fighting
  1144 | D        | Reached XP level 12. HP: 87/87 MP: 7/12
  1144 | D        | Reached skill level 15 in Armour
  1146 | D        | Killed a deep elf high priest
  1147 | D        | Killed a deep elf master archer
  1149 | D        | Killed a deep elf annihilator
  1197 | D        | Found a transporter.
  1214 | D        | Got the amulet of the Secret Songs {Reflect rC+ Int+4 SH+5}
  1217 | D        | Got the amulet of the Bull {Spirit Int+2}
  1294 | D        | Entered arena 14.
  1295 | D        | Noticed a death ooze
  1295 | D        | Noticed an azure jelly
  1296 | D        | Noticed a great orb of eyes
  1296 | D        | Noticed a death ooze
  1297 | D        | Found a transporter.
  1301 | D        | Killed a death ooze
  1303 | D        | Killed an azure jelly
  1303 | D        | Reached skill level 16 in Fighting
  1304 | D        | Received a gift from Trog
  1305 | D        | Killed a death ooze
  1313 | D        | Killed a great orb of eyes
  1374 | D        | Got the ring "Joasma" {Fire SInv}
  1391 | D        | Entered arena 15.
  1392 | D        | Noticed a soul eater
  1393 | D        | Found the -2 hat of the Alchemist {rElec rPois rF+ rC+ rN+
                  | MR+ rMut rCorr}
  1393 | D        | Noticed a soul eater
  1393 | D        | Noticed a soul eater
  1393 | D        | Noticed a soul eater
  1396 | D        | Received a gift from Trog
  1403 | D        | Killed a soul eater
  1403 | D        | Received a gift from Trog
  1403 | D        | Reached XP level 13. HP: 95/95 MP: 13/13
  1409 | D        | Received a gift from Trog
  1415 | D        | Found a transporter.
  1488 | D        | Entered arena 16.
  1489 | D        | Noticed a fire dragon
  1491 | D        | Noticed a fire dragon
  1494 | D        | Noticed a fire dragon
  1507 | D        | Killed a fire dragon
  1507 | D        | Reached skill level 17 in Fighting
  1515 | D        | HP: 2/96 [efreet/bolt of fire (15)]
  1516 | D        | Killed from afar by an efreet

Levels and vault maps discovered:
D:        sprint_v [room_start, room_1, room_2, room_3, room_4, room_5, room_6,
          room_7, room_8, room_9, room_10, room_11, room_12, room_13, room_14,
          room_15, room_16, room_17, room_18, room_19, room_20, room_21,
          room_22, room_23, room_24, room_25, room_26, room_27]

Skill      XL: |  1  2  3  4  5  6  7  8  9 10 11 12 13 |
---------------+----------------------------------------+-----
Fighting       | 5 7 8 10 11 12 13 15 16 17 | 17.0
Axes           | 4 5 6 7 8 9 10 11 12 14 | 14.6
Armour         | 5 6 7 8 9 10 11 13 14 16 | 16.9
Dodging        | 4 5 6 7 8 9 10 11 13 | 13.5
Shields        | 4 7 9 12 14 | 14.6

Action                   |  1- 3 |  4- 6 |  7- 9 | 10-12 | 13-15 || total
-------------------------+-------+-------+-------+-------+-------++-------
Melee: Broad axe         |     7 |    19 |    71 |       |       ||    97
       War axe           |       |       |       |    87 |    33 ||   120
Invok: Berserk           |     1 |       |     1 |     5 |     1 ||     8
       Trog's Hand       |       |       |       |       |     1 ||     1
  Use: Potion            |       |       |       |       |     1 ||     1
 Stab: Distracted        |       |       |       |     1 |       ||     1
  Eat: Chunk             |       |       |     1 |     3 |       ||     4
       Ration            |       |       |       |     1 |     1 ||     2
Armor: Plate armour      |     2 |    15 |    64 |    23 |    29 ||   133
Dodge: Dodged            |       |       |    13 |    16 |    14 ||    43
Block: Shield            |    12 |    30 |   138 |   122 |    64 ||   366
